 Dungeon Crawl Stone Soup version 0.31.0-9-g3a7656b989 (webtiles) character file.

Game seed: 15184013528303330877

5966 qw the Markself (level 10, 0/58 HPs)
             Began as a Deep Elf Hunter on Feb 2, 2024.
             Was a Follower of Okawaru.
             Slain by a vampire (2 damage)
             ... on level 9 of the Dungeon.
             The game lasted 00:00:44 (7699 turns).

qw the Markself (Deep Elf Hunter)                   Turns: 7699, Time: 00:00:44

Health: 0/58       AC:  7    Str: 12    XL:     10   Next: 55%
Magic:  14/14      EV: 16    Int: 15    God:    Okawaru [*.....]
Gold:   275        SH:  0    Dex: 24    Spells: 9/9 levels left

rFire   . . .        o - +1 longbow (drain)
rCold   x . .        (shield currently unavailable)
rNeg    . . .        m - +0 ring mail of the Great Game {-Cast rPois rC- Slay+6}
rPois   +            (no helmet)
rElec   .            d - +0 cloak
rCorr   .            n - +0 pair of gloves
SInv    .            (no boots)
Will    ++...        (no amulet)
Stlth   ++           g - ring of willpower
HPRegen 0.29/turn    c - +6 ring of dexterity
MPRegen 0.14/turn

%: no spellcasting
@: no status effects
A: no striking features
a: Renounce Religion, Heroism


You were on level 9 of the Dungeon.
You worshipped Okawaru.
Okawaru was aware of your devotion.
You visited 2 branches of the dungeon, and saw 10 of its levels.

You collected 466 gold pieces.
You spent 191 gold pieces at shops.


   Skills:
 + Level 4.7 Fighting
 - Level 18.0 Ranged Weapons
 - Level 2.1 Armour
 - Level 8.0 Dodging
 - Level 1.2 Stealth
 + Level 3.3 Invocations


You had 9 spell levels left.
You didn't know any spells.
Your spell library was empty.

Inventory:

Hand Weapons
 o - a +1 longbow of draining (weapon)
Armour
 d - a +0 cloak (worn)
 m - the +0 ring mail of the Great Game (worn) {-Cast rPois rC- Slay+6}
   (You found it on level 5 of the Dungeon)

   Slay+6:    It affects your accuracy & damage with ranged weapons and melee
   (+6).
   rC-:       It makes you vulnerable to cold.
   rPois:     It protects you from poison -Cast: It prevents spellcasting.
 n - a +0 pair of gloves (worn)
Jewellery
 c - a +6 ring of dexterity (right hand)
 g - a ring of willpower (left hand)
 j - a ring of positive energy
Wands
 f - a wand of mindburst (10)
 h - a wand of paralysis (5)
Potions
 a - a potion of magic
 b - 3 potions of haste
 e - a potion of mutation
 i - 2 potions of enlightenment
 k - 3 potions of curing

Dungeon Overview and Level Annotations

Branches:
Dungeon (9/15)             Temple (1/1) D:4             Orc (0/2) D:9
   Lair: D:8-11

Altars:
Ashenzari
Dithmenos
Gozag
Hepliaklqana
Kikubaaqudgha
Makhleb
Nemelex Xobeh
Okawaru
Sif Muna
Trog
Uskayaw
Vehumet
Wu Jian
Xom
Yredelemnul
Zin
The Shining One

Shops:
D:4 (   D:5 (   D:8 (

Portals:
Abyss: D:4

Annotations:
D:3 1 runed translucent door, Crazy Yiuf
D:4 2 transporters, qw's ghost, amateur DEHu
D:7 3 runed translucent doors, qw's ghost, novice DjHu


Message History

Something barely misses you. Something bites you but does no damage.
The scorpion closely misses you.
You shoot an arrow. The arrow hits the scorpion.
You kill the scorpion!
Okawaru accepts your kill.
A water moccasin comes into view.
Something hits you. Something bites you!
Something draws strength from your injuries!
Your Invocations skill increases to level 3!
You shoot an arrow. The water moccasin hisses angrily.
Something hits you. Something bites you.
Something draws strength from your injuries!
You shoot an arrow. Something hits you but does no damage. Something bites you!
Something draws strength from your injuries!
You shoot an arrow. The arrow hits the scorpion!!
You kill the scorpion!
Okawaru accepts your kill. Something hits you. Something bites you.
Something draws strength from your injuries!
You shoot an arrow. The arrow hits the water moccasin!
The water moccasin is heavily wounded.
You shoot an arrow. The arrow hits the water moccasin.
The water moccasin is heavily wounded.
Something hits you! Something barely misses you. The water moccasin bites you.
You shoot an arrow. The arrow hits the water moccasin!
You kill the water moccasin!
Okawaru accepts your kill. Something hits you but does no damage.
Something bites you but does no damage.
You shoot an arrow. Something hits you. Something barely misses you.
You shoot an arrow. The arrow hits the plant!
The plant begins to die.
You drain the plant.
The plant is lightly damaged.
Something hits you. Something bites you but does no damage.
You shoot an arrow. The arrow hits the plant!!
The plant is lightly damaged.
Something hits you.
You die...

.. #..................#
.. #..................##
..
####....................
....
.......................
...#
#.................####
...# #.........%.......#
...# #.....)...........#
...# #.................#
...# #....@%.P.PPP.....#
...# #...){..P.P.......#
...##
#....%P........>.....
.....
.......P...P.P..P......
.....
..../....P..PPPP........
#####
##.##........PPP....####
#. #..P..P....PPP..# #
..P..P...P.


There were no monsters in sight!

Vanquished Creatures
  Jeremiah (D:8)
  2 trolls (D:9)
  A hornet (D:8)
  A wyvern (D:8)
  2 steam dragons (D:8)
  Menkaure (D:6)
  3 water moccasins (D:9)
  5 ice beasts
  8 orc warriors
  A black bear (D:9)
  3 sky beasts
  An ogre (D:5)
  3 centaurs
  A phantom (D:4)
  4 kobold brigands
  Blork the orc (D:4)
  5 bullfrogs
  7 scorpions
  3 wights (D:8)
  3 killer bees (D:7)
  A howler monkey (D:8)
  3 jellies
  3 bombardier beetles
  2 orc priests (D:6)
  3 hounds
  2 iguanas
  2 sleepcaps (D:4)
  3 orc wizards
  10 adders
  10 gnolls
  2 white imps
  4 ufetubi (D:7)
  A dart slug (D:4)
  A ribbon worm (D:6)
  30 orcs
  4 bats
  9 endoplasms
  6 giant cockroaches
  6 goblins
  8 hobgoblins
  7 jackals
  3 quokkas
  9 ball pythons
  3 frilled lizards
  13 kobolds
  10 rats
211 creatures vanquished.

Notes
Turn   | Place    | Note
-------+----------+-------------------------------------------
     0 | D:1      | qw the Deep Elf Hunter began the quest for the Orb.
     0 | D:1      | Reached XP level 1. HP: 12/12 MP: 3/3
     0 | D:1      | 0 ||| qw: Version: 0.3-a-155-g5e7d8dd
     0 | D:1      | 0 ||| qw: Game counter: 2791
     0 | D:1      | 0 ||| qw: Melee chars always use a shield: true
     0 | D:1      | 0 ||| qw: God list: Okawaru
     0 | D:1      | 0 ||| qw: Allow faded altars: false
     0 | D:1      | 0 ||| qw: Do Orc after clearing Dungeon:15 true
     0 | D:1      | 0 ||| qw: Do second Lair branch before Depths: true
     0 | D:1      | 0 ||| qw: Lair rune preference: random
     0 | D:1      | 0 ||| qw: Goals: Normal
     0 | D:1      | 0 ||| PLANNING D:1-11
    81 | D:1      | Reached XP level 2. HP: 16/16 MP: 4/4
   108 | D:1      | Reached skill level 6 in Ranged Weapons
   508 | D:1      | 508 ||| READING scroll labelled KATANARCHUO.
   508 | D:1      | 508 ||| BRANDING +0 shortbow.
   509 | D:1      | 509 ||| READING 2 scrolls labelled HUQUB ROTATE.
   509 | D:1      | 509 ||| IDENTIFYING bubbling blue potion
   510 | D:1      | 510 ||| READING scroll of identify.
   510 | D:1      | 510 ||| IDENTIFYING coppery potion
   511 | D:1      | 511 ||| DRINKING potion of experience.
   511 | D:1      | Reached skill level 13 in Ranged Weapons
   511 | D:1      | Reached XP level 3. HP: 20/20 MP: 5/5
   512 | D:1      | 512 ||| DROPPING scroll of butterflies.
   513 | D:1      | 513 ||| DROPPING potion of berserk rage.
   663 | D:2      | Reached XP level 4. HP: 25/25 MP: 6/6
   697 | D:2      | Reached skill level 3 in Dodging
   698 | D:2      | Found a shadowy altar of Dithmenos.
   698 | D:2      | Found an ancient bone altar of Kikubaaqudgha.
   698 | D:2      | Found a sparkling altar of Nemelex Xobeh.
   698 | D:2      | Found a radiant altar of Vehumet.
   698 | D:2      | Found a glowing silver altar of Zin.
   698 | D:2      | Found an opulent altar of Gozag.
   824 | D:2      | Reached XP level 5. HP: 30/30 MP: 7/7
  1349 | D:2      | 1349 ||| UPGRADING to +0 cloak.
  1354 | D:2      | 1354 ||| UPGRADING to ring of willpower.
  1355 | D:2      | 1355 ||| READING scroll of identify.
  1355 | D:2      | 1355 ||| IDENTIFYING viscous red potion
  1356 | D:2      | 1356 ||| READING scroll labelled ZUSOTH GUKI.
  1357 | D:2      | 1357 ||| READING scroll labelled GEBRYXEUZUI.
  1412 | D:2      | 1412 ||| READING scroll labelled YQEMPO REUR.
  1413 | D:2      | 1413 ||| READING scroll labelled YTEPEOKHLOC.
  1456 | D:3      | Found a broken altar of Ashenzari.
  1922 | D:3      | Found a runed translucent door.
  1923 | D:3      | Noticed Crazy Yiuf
  2327 | D:3      | 2327 ||| UPGRADING to +0 ring mail.
  2337 | D:3      | 2337 ||| DROPPING +0 leather armour.
  2338 | D:3      | 2338 ||| READING scroll of identify.
  2338 | D:3      | 2338 ||| IDENTIFYING clear potion
  2339 | D:3      | 2339 ||| READING scroll labelled LAUXAZ GOEHI.
  2370 | D:4      | Reached XP level 6. HP: 35/35 MP: 8/8
  2370 | D:4      | Found a staircase to the Ecumenical Temple.
  2371 | D:4      | 2371 ||| PLANNING TEMPLE
  2381 | Temple   | Entered the Ecumenical Temple
  2382 | Temple   | 2382 ||| PLANNING D:1-11
  2537 | D:4      | 2537 ||| FLEEEEING.
  2538 | D:4      | 2538 ||| FLEEEEING.
  2539 | D:4      | 2539 ||| FLEEEEING.
  2542 | D:4      | Reached skill level 1 in Armour
  2591 | D:4      | Noticed a small abomination
  2616 | D:4      | Found a transporter.
  2628 | D:4      | Found a one-way gate to the infinite horrors of the Abyss.
  2628 | D:4      | Noticed qw's ghost (amateur DEHu)
  2640 | D:4      | Found a transporter.
  2744 | D:4      | Reached skill level 3 in Fighting
  2810 | D:4      | Found Feomm's Weapon Emporium.
  2815 | D:4      | Noticed Blork the orc
  2821 | D:4      | Killed Blork the orc
  2822 | D:4      | Reached XP level 7. HP: 28/41 MP: 9/9
  2873 | D:4      | 2873 ||| SHOPLISTING +1 longbow of Eluj {antimagic, rN++}
                  | (588 gold, have 189).
  3087 | D:4      | Found a bloodstained altar of Trog.
  3431 | D:4      | 3431 ||| READING scroll of identify.
  3431 | D:4      | 3431 ||| IDENTIFYING green potion
  3432 | D:4      | 3432 ||| DROPPING potion of lignification.
  3517 | D:5      | Entered Level 5 of the Dungeon
  3520 | D:5      | 3520 ||| STAIRDANCE
  3526 | D:4      | Reached skill level 14 in Ranged Weapons
  3722 | D:5      | 3722 ||| FLEEEEING.
  3723 | D:5      | 3723 ||| FLEEEEING.
  3724 | D:5      | 3724 ||| FLEEEEING.
  3725 | D:5      | 3725 ||| FLEEEEING.
  3726 | D:5      | 3726 ||| FLEEEEING.
  3727 | D:5      | 3727 ||| FLEEEEING.
  3728 | D:5      | 3728 ||| FLEEEEING.
  3729 | D:5      | 3729 ||| FLEEEEING.
  3732 | D:5      | 3732 ||| FLEEEEING.
  3734 | D:5      | 3734 ||| FLEEEEING.
  4173 | D:5      | Identified the +0 ring mail of the Great Game {-Cast rPois
                  | rC- Slay+6}
  4187 | D:5      | Found Hauhadd's Hydra Hut.
  4189 | D:5      | Noticed a five-headed hydra
  4192 | D:5      | 4192 ||| BUYING +0 longbow of freezing (191 gold).
  4192 | D:5      | Bought a +0 longbow of freezing for 191 gold pieces
  4192 | D:5      | 4192 ||| SWAPPING to +0 longbow of freezing.
  4193 | D:5      | 4193 ||| DROPPING +0 shortbow of freezing.
  4290 | D:5      | Reached XP level 8. HP: 46/46 MP: 10/10
  4299 | D:5      | Found an opulent altar of Gozag.
  4587 | D:5      | 4587 ||| UPGRADING to +0 ring mail of the Great Game {-Cast
                  | rPois rC- Slay+6}.
  4597 | D:5      | 4597 ||| DROPPING +0 ring mail.
  4598 | D:5      | 4598 ||| UPGRADING to +6 ring of dexterity.
  4599 | D:5      | 4599 ||| READING 2 scrolls of identify.
  4599 | D:5      | 4599 ||| IDENTIFYING pink potion
  4600 | D:5      | 4600 ||| READING scroll of identify.
  4600 | D:5      | 4600 ||| IDENTIFYING fuming coppery potion
  4601 | D:5      | 4601 ||| READING scroll labelled REVYIF YFOUPP.
  4601 | D:5      | 4601 ||| ENCHANTING +0 longbow of freezing.
  4602 | D:5      | 4602 ||| READING scroll labelled HEFFAG KORO.
  4606 | D:5      | 4606 ||| DRINKING 2 red potions.
  4607 | D:5      | 4607 ||| DROPPING potion of degeneration.
  4650 | D:6      | 4650 ||| PLANNING SEWER
  4670 | D:6      | Noticed Menkaure
  4673 | D:6      | Killed Menkaure
  4709 | D:6      | Found an ancient bone altar of Kikubaaqudgha.
  4713 | D:6      | Reached skill level 6 in Dodging
  4724 | D:6      | 4724 ||| READING scroll of brand weapon.
  4724 | D:6      | 4724 ||| BRANDING +1 longbow of freezing.
  4811 | D:6      | Reached skill level 15 in Ranged Weapons
  4925 | D:6      | 4925 ||| READING scroll labelled WIODGH KIZASU.
  4934 | D:6      | 4934 ||| RETREEEEATING.
  5237 | D:6      | Reached XP level 9. HP: 33/52 MP: 11/11
  5237 | D:6      | 5237 ||| FLEEEEING.
  5238 | D:6      | 5238 ||| FLEEEEING.
  5239 | D:6      | 5239 ||| FLEEEEING.
  5240 | D:6      | 5240 ||| FLEEEEING.
  5241 | D:6      | 5241 ||| FLEEEEING.
  5242 | D:6      | 5242 ||| FLEEEEING.
  5243 | D:6      | 5243 ||| FLEEEEING.
  5244 | D:6      | 5244 ||| FLEEEEING.
  5245 | D:6      | 5245 ||| FLEEEEING.
  5246 | D:6      | 5246 ||| FLEEEEING.
  5247 | D:6      | 5247 ||| FLEEEEING.
  5248 | D:6      | 5248 ||| FLEEEEING.
  5249 | D:6      | 5249 ||| FLEEEEING.
  5250 | D:6      | 5250 ||| FLEEEEING.
  5251 | D:6      | 5251 ||| FLEEEEING.
  5252 | D:6      | 5252 ||| FLEEEEING.
  5253 | D:6      | 5253 ||| FLEEEEING.
  5254 | D:6      | 5254 ||| FLEEEEING.
  5255 | D:6      | 5255 ||| FLEEEEING.
  5256 | D:6      | 5256 ||| FLEEEEING.
  5257 | D:6      | 5257 ||| FLEEEEING.
  5258 | D:6      | 5258 ||| STAIRDANCE
  5303 | D:5      | 5303 ||| READING scroll of identify.
  5303 | D:5      | 5303 ||| IDENTIFYING inky potion
  5304 | D:5      | 5304 ||| DROPPING potion of invisibility.
  5307 | D:6      | 5307 ||| STAIRDANCE
  5437 | D:6      | 5437 ||| RIP SEWER
  5447 | D:6      | 5447 ||| PLANNING D:1-11
  5558 | D:7      | 5558 ||| FLEEEEING.
  5559 | D:7      | 5559 ||| FLEEEEING.
  5565 | D:7      | Reached skill level 16 in Ranged Weapons
  5632 | D:7      | Found a runed translucent gate.
  5633 | D:7      | Found a runed translucent gate.
  5633 | D:7      | Identified the +3 chain mail of Solemn Salvation {rElec
                  | rN++ Str+8 Int-4}
  5633 | D:7      | Noticed qw's ghost (novice DjHu)
  5634 | D:7      | Found a runed translucent gate.
  5764 | D:7      | 5764 ||| FLEEEEING.
  5775 | D:7      | 5775 ||| RETREEEEATING.
  5776 | D:7      | 5776 ||| RETREEEEATING.
  5777 | D:7      | 5777 ||| RETREEEEATING.
  5778 | D:7      | 5778 ||| RETREEEEATING.
  5779 | D:7      | 5779 ||| RETREEEEATING.
  5780 | D:7      | 5780 ||| RETREEEEATING.
  5781 | D:7      | 5781 ||| RETREEEEATING.
  6099 | D:7      | 6099 ||| UPGRADING to +0 pair of gloves.
  6104 | D:7      | 6104 ||| READING scroll of identify.
  6104 | D:7      | 6104 ||| IDENTIFYING sedimented amethyst potion
  6105 | D:7      | 6105 ||| DRINKING 2 golden potions.
  6106 | D:7      | 6106 ||| DROPPING potion of magic.
  6195 | D:8      | Found the +7 Throatcutter {drain, coup de grace}
  6209 | D:8      | Found a hide-covered altar of Uskayaw.
  6229 | D:8      | 6229 ||| Stepping ~*~*~tactically~*~*~ (cloud).
  6303 | D:8      | 6303 ||| Stepping ~*~*~tactically~*~*~ (cloud).
  6312 | D:8      | 6312 ||| Stepping ~*~*~tactically~*~*~ (cloud).
  6458 | D:8      | Found Umocoyll's Weapon Emporium.
  6545 | D:8      | Reached skill level 17 in Ranged Weapons
  6573 | D:8      | Noticed Jeremiah
  6575 | D:8      | 6575 ||| DRINKING 4 potions of haste.
  6599 | D:8      | Reached XP level 10. HP: 30/55 MP: 12/12
  6599 | D:8      | 6599 ||| FLEEEEING.
  6600 | D:8      | 6600 ||| FLEEEEING.
  6602 | D:8      | 6602 ||| FLEEEEING.
  6603 | D:8      | 6603 ||| FLEEEEING.
  6604 | D:8      | 6604 ||| FLEEEEING.
  6605 | D:8      | 6605 ||| FLEEEEING.
  6606 | D:8      | 6606 ||| FLEEEEING.
  6607 | D:8      | 6607 ||| FLEEEEING.
  6608 | D:8      | 6608 ||| FLEEEEING.
  6609 | D:8      | 6609 ||| FLEEEEING.
  6610 | D:8      | 6610 ||| FLEEEEING.
  6611 | D:8      | 6611 ||| FLEEEEING.
  6612 | D:8      | 6612 ||| FLEEEEING.
  6613 | D:8      | 6613 ||| FLEEEEING.
  6614 | D:8      | 6614 ||| FLEEEEING.
  6615 | D:8      | 6615 ||| FLEEEEING.
  6619 | D:8      | 6619 ||| FLEEEEING.
  6620 | D:8      | 6620 ||| FLEEEEING.
  6625 | D:8      | 6625 ||| FLEEEEING.
  6626 | D:8      | 6626 ||| FLEEEEING.
  6627 | D:8      | 6627 ||| FLEEEEING.
  6628 | D:8      | 6628 ||| FLEEEEING.
  6629 | D:8      | 6629 ||| FLEEEEING.
  6630 | D:8      | 6630 ||| FLEEEEING.
  6647 | D:8      | 6647 ||| FLEEEEING.
  6648 | D:8      | 6648 ||| FLEEEEING.
  6650 | D:8      | 6650 ||| FLEEEEING.
  6655 | D:8      | 6655 ||| FLEEEEING.
  6656 | D:8      | 6656 ||| FLEEEEING.
  6657 | D:8      | 6657 ||| FLEEEEING.
  6662 | D:8      | 6662 ||| FLEEEEING.
  6663 | D:8      | 6663 ||| FLEEEEING.
  6664 | D:8      | 6664 ||| FLEEEEING.
  6665 | D:8      | 6665 ||| FLEEEEING.
  6667 | D:8      | 6667 ||| FLEEEEING.
  6669 | D:8      | 6669 ||| STAIRDANCE
  6716 | D:7      | 6716 ||| READING scroll of identify.
  6716 | D:7      | 6716 ||| IDENTIFYING metallic puce potion
  6717 | D:7      | 6717 ||| READING scroll labelled UKUFICV ENOIS.
  6718 | D:7      | 6718 ||| DROPPING potion of brilliance.
  6749 | D:8      | 6749 ||| STAIRDANCE
  6865 | D:8      | Killed Jeremiah
  7061 | D:8      | Found an iron altar of Okawaru.
  7062 | D:8      | 7062 ||| PLANNING OKAWARU WORSHIP
  7064 | D:8      | Became a worshipper of Warmaster Okawaru
  7065 | D:8      | 7065 ||| PLANNING D:1-11
  7249 | D:9      | Found a staircase to the Orcish Mines.
  7250 | D:9      | 7250 ||| RETREEEEATING.
  7268 | D:9      | HP: 11/56 [troll (8)]
  7269 | D:9      | 7269 ||| DRINKING potion of heal wounds.
  7273 | D:9      | Reached skill level 18 in Ranged Weapons
  7275 | D:9      | 7275 ||| FLEEEEING.
  7277 | D:9      | HP: 10/56 [orc warrior/arrow (10)]
  7286 | D:9      | Reached * piety under Okawaru
  7287 | D:9      | 7287 ||| FLEEEEING.
  7293 | D:9      | HP: 8/56 [kobold brigand/+0 dagger (2)]
  7296 | D:9      | 7296 ||| FLEEEEING.
  7297 | D:9      | 7297 ||| FLEEEEING.
  7298 | D:9      | 7298 ||| FLEEEEING.
  7299 | D:9      | 7299 ||| STAIRDANCE
  7546 | D:9      | Reached skill level 1 in Invocations
  7691 | D:9      | Reached skill level 3 in Invocations
  7695 | D:9      | HP: 11/58 [something (9)]
  7698 | D:9      | HP: 2/58 [something (5)]
  7699 | D:9      | Slain by a vampire

Levels and vault maps discovered:
D:1:      ldierk_walled_garden, layout_loops_ring
D:2:      cheibrodos_fertilizer, layout_basic
D:3:      layout_loops_corners, cheibrodos_ashenzari_chains,
          kennysheep_generic_room_13, uniq_crazy_yiuf_cottage
D:4:      layout_basic, mainiacjoe_overflow_alcove_2,
          minmay_temple_entry_drinking_statues, gammafunk_ghost_abyssal_escape,
          serial_shops, shop, hangedman_decor_clover_reticule,
          uniq_blork_the_orc
D:5:      layout_cave_pods, mainiacjoe_overflow_paths, doesnt_shop_hydraphobe
D:6:      layout_loops_ring, mainiacjoe_overflow_surrounded_room,
          portal_sewer_entry_e, nicolae_concentric_dashed_squares_wild,
          uniq_menkaure
D:7:      layout_basic, biasface_ghost_orc_armoury
D:8:      layout_loops_ring, nicolae_uskayaw_dance_hall, kennysheep_mini,
          serial_shops, nicolae_shop_tiny_statue_garden,
          serial_library_hellmonk_big_corner, nicolae_figureground_pulse,
          uniq_jeremiah
D:9:      layout_long_grid, overflow_temple_1_default,
          nicolae_ru_the_path_less_chosen, gammafunk_temple_overflow_statue,
          lemuel_coloured_pillars_altar, due_lair_maze_entry_diamond,
          kennysheep_orc_monster_closet_entryway
Temple:   nicolae_temple_two_arcs

Skill      XL: |  1  2  3  4  5  6  7  8  9 10 |
---------------+-------------------------------+-----
Ranged Weapons | 13 14 15 17 18 | 18.0
Dodging        | 3 4 5 6 7 8 |  8.0
Fighting       | 2 3 4 |  4.7
Armour         | 1 2 |  2.1
Invocations    | 3 |  3.3
Stealth        | |  1.2

Action                     |  1- 3 |  4- 6 |  7- 9 | 10-12 || total
---------------------------+-------+-------+-------+-------++-------
   Fire: Shortbow          |    44 |   158 |    61 |       ||   263
         Longbow           |       |       |   160 |    95 ||   255
    Use: Scroll            |     3 |     7 |     9 |     2 ||    21
         Potion            |     1 |       |     3 |     1 ||     5
 Armour: Leather armour    |     4 |     5 |       |       ||     9
         Ring mail         |       |     6 |    49 |    38 ||    93
  Dodge: Dodged            |     1 |    19 |    34 |    28 ||    82

Table legend:
 A = Non-vault XP
 B = Vault XP
 C = Vault XP percentage of total XP
 D = Non-vault monster count
 E = Vault monster count
 F = Vault count percentage of total count
                 A         B        C        D         E       F
            +---------+---------+-------+---------+---------+-------
      Total |    5655 |    2822 |  33.3 |     162 |      49 |  23.2
            +---------+---------+-------+---------+---------+-------
        D:1 |      32 |       0 |   0.0 |      20 |       0 |   0.0
        D:2 |      81 |     105 |  56.5 |      19 |      13 |  40.6
        D:3 |     104 |       0 |   0.0 |      18 |       0 |   0.0
        D:4 |     565 |      91 |  13.9 |      26 |       1 |   3.7
        D:5 |     617 |       0 |   0.0 |      13 |       0 |   0.0
        D:6 |    1243 |     178 |  12.5 |      26 |       9 |  25.7
        D:7 |    1093 |       0 |   0.0 |      21 |       0 |   0.0
        D:8 |    1532 |     377 |  19.7 |      15 |       1 |   6.2
        D:9 |     388 |    2071 |  84.2 |       4 |      25 |  86.2
            +---------+---------+-------+---------+---------+-------
